[Event "*** Titled Tuesday Blitz"]
[Site "Chess.com"]
[Date "2021.02.02"]
[Round "4"]
[White "ChessLover0108"]
[Black "KononenkoD"]
[Result "1-0"]
[WhiteElo "2847"]
[BlackElo "2526"]
[TimeControl "180+1"]
[EndTime "10:41:41 PST"]
[Termination "ChessLover0108 won on time"]

1. Nf3 c5 2. c4 Nc6 3. Nc3 g6 4.
e3 Nf6 5. d4 cxd4 6. exd4 d5 7.
cxd5 Nxd5 8. Bc4 Nxc3 9. Qb3 e6 10. bxc3 Bg7 11. Ba3 Bf8 12. Bc1 Bg7 13. Ba3 Bf8 14. Bb5 Bd7 15. Bxf8 Kxf8 16. O-O Kg7 17. Qb2 a6 18. Bxc6 Bxc6 19. Ne5 Qd5 20. f3 Rhd8 21. Rfd1 f6 22. Nd3 Bb5 23. Nc5 b6 24. Ne4 Rac8 25. a4 Bc4 26. Qxb6 f5 27. Nc5 Rb8 28. Qc7+ Kh6 29.
Re1 Rdc8 30. Qf4+ g5 31. Qg3 Rxc5 32. dxc5 Qxc5+ 33. Kh1 Rb2 34. Rad1 Bd5 35. h4 g4 36.
Qf4+ Kg7 37. c4 Qf2 38. Qd4+ Qxd4 39. Rxd4 Bc6 40. Rxe6 Bxa4 41. fxg4 fxg4 42. Rxg4+ Kf7 43. Rxa6 Bd1 44. Rd4 Ke7 45. Rxd1 1-0

[Event "*** Titled Tuesday Blitz"]
[Site "Chess.com"]
[Date "2021.02.02"]
[Round "4"]
[White "EvgenyT"]
[Black "NicoChasin"]
[Result "1-0"]
[WhiteElo "2975"]
[BlackElo "2559"]
[TimeControl "180+1"]
[EndTime "10:41:42 PST"]
[Termination "EvgenyT won by resignation"]

1. c4 e5 2. Nc3 Nf6 3. g3 c6 4. Nf3 Bd6 5. Bg2 Bc7 6. d4 e4 7.
Ng5 d5 8. O-O O-O 9. cxd5 cxd5 10. f3 h6 11. Nh3 Re8 12. fxe4 dxe4 13. Bf4 Bb6 14. e3 Nc6 15. Kh1 Bg4 16. Qb3 Bxh3 17.
Bxh3 g5 18. Bxg5 hxg5 19. Rf5 Bxd4 20. exd4 Nxd4 21. Rxg5+ Kf8 22. Qb4+ Re7 23. Rd1 Qb6 24. Qxb6 axb6 25. Rxd4 e3 26. Bf1 Rc8 27. Be2 Ree8 28. Kg2 Rc5 29. Rxc5 bxc5 30. Rc4 Re5 31. b4 cxb4 32.
Rxb4 Rc5 33. Rc4 Ra5 34. Kf3 b5 35. Rb4 Ra3 36. Rb3 b4 37. Rxa3 bxa3 1-0

[Event "*** Titled Tuesday Blitz"]
[Site "Chess.com"]
[Date "2021.02.02"]
[Round "4"]
[White "fridaywins"]
[Black "Noam_Vitenberg"]
[Result "0-1"]
[WhiteElo "2160"]
[BlackElo "2507"]
[TimeControl "180+1"]
[EndTime "10:41:42 PST"]
[Termination "Noam_Vitenberg won by resignation"]

1. e4 d5 2. Nc3 d4 3. Nce2 e5 4. Ng3 Be6 5. c3 c5 6. Bb5+ Nd7 7. d3 g6 8. c4 Bg7 9. f4 a6 10. Ba4 b5 11. f5 Bxf5 12. exf5 bxa4 13. Qxa4 Ne7 14. f6 Bxf6 15. Ne4 Nf5 16. Nf3 Bg7 17. Nxc5 Rc8 18. Bg5 f6 19. Ne6 Qe7 20. Nxg7+ Qxg7 21.
Bd2 O-O 22. O-O Nc5 23. Qa3 e4 24. dxe4 Nxe4 25. b3 Rfe8 26. Bf4 Qa7 27. Kh1 d3 28. h3 Nfg3+ 29. Bxg3 Nxg3+ 30. Kh2 Nxf1+ 31. Rxf1 Qc7+ 32. Kg1 Qb6+ 33. Kh2 Re2 34. Qe7 Rxe7 0-1

[Event "*** Titled Tuesday Blitz"]
[Site "Chess.com"]
[Date "2021.02.02"]
[Round "4"]
[White "fabianvivasz"]
[Black "Logman74"]
[Result "1-0"]
[WhiteElo "2305"]
[BlackElo "2446"]
[TimeControl "180+1"]
[EndTime "10:41:42 PST"]
[Termination "fabianvivasz won on time"]

1. e4 c5 2. Nc3 d6 3. d4 cxd4 4. Qxd4 Nf6 5. b3 Nc6 6. Qd2 Be6 7. Bb2 g6 8. O-O-O Bg7 9. f3 O-O 10. h4 h5 11. Nh3 Rc8 12. Ng5 Ne5 13. Kb1 a6 14. g4 Nxf3 15. Nxf3 Bxg4 16. Be2 b5 17.
Ng5 b4 18. Nd5 Nxd5 19. Bxg7 Nc3+ 20. Bxc3 bxc3 21. Qe3 Bxe2 22. Qxe2 Qa5 23. Qe3 Rc5 24. Rhg1 Rb8 25. Qf4 Rf8 26. Ne6 Qa3 27. Rxg6+ 1-0

[Event "*** Titled Tuesday Blitz"]
[Site "Chess.com"]
[Date "2021.02.02"]
[Round "4"]
[White "Politov_Pavel"]
[Black "fish7728"]
[Result "1-0"]
[WhiteElo "2404"]
[BlackElo "2153"]
[TimeControl "180+1"]
[EndTime "10:41:44 PST"]
[Termination "Politov_Pavel won by resignation"]

1. e4 c5 2. Nf3 e6 3. c3 Nf6 4.
e5 Nd5 5. d4 d6 6. Bd3 Nc6 7. exd6 Qxd6 8. O-O Be7 9. Nbd2 cxd4 10.
Nc4 Qd8 11. cxd4 O-O 12. a3 a6 13. Re1 b5 14. Nce5 Nxe5 15. Nxe5 Bb7 16. Qh5 g6 17. Qh6 Bf6 18. Bd2 Bg7 19. Qh3 Ne7 20. Bb4 Re8 21.
Nxf7 Kxf7 22. Qxe6+ Kf8 23. Be4 Bc8 24. Qc6 Ra7 25.
Rac1 Kg8 26. Bd5+ Kh8 27. Qc5 Rd7 28. Bf7 Rf8 29. Be6 Nf5 30. Bxd7 Bxd7 31. d5 Bd4 32. Qc7 Bc8 33. Bxf8 Qxf8 34. Qxc8 Qxc8 35. Rxc8+ Kg7 36. g4 Nd6 37. Rc7+ Kf6 38. Rc6 Be5 39. Rxd6+ Bxd6 40. Re6+ Kg5 41. Rxd6 Kxg4 42. Rxa6 1-0

[Event "*** Titled Tuesday Blitz"]
[Site "Chess.com"]
[Date "2021.02.02"]
[Round "4"]
[White "strelec64"]
[Black "francyIM"]
[Result "1-0"]
[WhiteElo "2505"]
[BlackElo "2645"]
[TimeControl "180+1"]
[EndTime "10:41:46 PST"]
[Termination "strelec64 won on time"]

1. d4 Nf6 2. Nf3 d6 3. g3 g6 4. Bg2 Bf5 5. O-O Bg7 6. c4 O-O 7. Nc3 Ne4 8. Nd5 c6 9. Ne3 Bc8 10. b3 c5 11. Bb2 Nc6 12. Qd3 cxd4 13. Nxd4 Nc5 14. Qd2 Bd7 15. Nb5 Ne5 16. Nc3 Bc6 17. Ned5 e6 18. Nf4 Bxg2 19. Nxg2 a6 20. Rfd1 Nc6 21. Qxd6 Qxd6 22. Rxd6 Ne4 23. Nxe4 Bxb2 24. Rad1 Rad8 25. Rxd8 Rxd8 26. Rxd8+ Nxd8 27. Nf4 Kf8 28. e3 Ba3 29. Kf1 Ke7 30. Ke2 h6 31. h4 f5 32. Nc3 g5 33. hxg5 hxg5 34. Nd3 g4 35. Nf4 1-0

[Event "*** Titled Tuesday Blitz"]
[Site "Chess.com"]
[Date "2021.02.02"]
[Round "4"]
[White "NaciSAN"]
[Black "MattyDPerrine"]
[Result "1-0"]
[WhiteElo "2300"]
[BlackElo "2441"]
[TimeControl "180+1"]
[EndTime "10:41:46 PST"]
[Termination "NaciSAN won by resignation"]

1. e4 c5 2. Nf3 e6 3. g3 Nc6 4. Bg2 Nf6 5. Nc3 d5 6. exd5 exd5 7.
O-O d4 8. Re1+ Be7 9. Ne4 Nxe4 10. Rxe4 O-O 11. d3 Bf5 12. Re1 Bd6 13. Nh4 Be6 14. Bd2 Qd7 15. a3 Rfe8 16. Qc1 h6 17. Bxh6 gxh6 18.
Qxh6 Bf8 19. Qh5 Bg4 20. Qg5+ Bg7 21. f3 Be6 22. f4 f5 23. g4 Qf7 24. gxf5 Bd5 25.
Bxd5 Qxd5 26. Kf2 Rxe1 27. Rxe1 Qf7 28. Rg1 Rf8 29. Ng6 Qf6 30. Nxf8 Qxg5 31. fxg5 Bxf8 32. Kf3 Kf7 33. Ke4 Ne7 34. h4 Bg7 35. f6 Bxf6 36.
Rf1 Ng8 1-0

[Event "*** Titled Tuesday Blitz"]
[Site "Chess.com"]
[Date "2021.02.02"]
[Round "4"]
[White "ENajer77"]
[Black "Etud-otradnoe"]
[Result "1-0"]
[WhiteElo "2630"]
[BlackElo "2369"]
[TimeControl "180+1"]
[EndTime "10:41:47 PST"]
[Termination "ENajer77 won on time"]

1. d4 d5 2. c4 dxc4 3. e4 Nc6 4. Be3 Nf6 5. Nc3 e5 6. d5 Na5 7. Qa4+ c6 8. dxc6 Nxc6 9. Bxc4 Bb4 10. Rd1 Qa5 11.
Qxa5 Nxa5 12. Bb5+ Bd7 13. Bxd7+ Nxd7 14. Ne2 Nc4 15.
Bc1 O-O-O 16. O-O Nf6 17. b3 Nd6 18. f3 Bc5+ 19. Kh1 h6 20. Na4 Bb4 21. Be3 b6 22. g3 Kb7 23. Kg2 g5 24. h3 Rhg8 25. Nc1 h5 26.
Nd3 Ba3 27. Nxe5 g4 28. fxg4 Nfxe4 29. Nxf7 1-0

[Event "*** Titled Tuesday Blitz"]
[Site "Chess.com"]
[Date "2021.02.02"]
[Round "4"]
[White "dosto07"]
[Black "Rogarcia1"]
[Result "1/2-1/2"]
[WhiteElo "2428"]
[BlackElo "2240"]
[TimeControl "180+1"]
[EndTime "10:41:47 PST"]
[Termination "Game drawn by agreement"]

1. d4 d5 2. Nf3 Nf6 3. Bf4 c5 4. e3 Nc6 5. Nbd2 Bg4 6. c3 h6 7.
Be2 e6 8. O-O Be7 9. Ne5 Bxe2 10. Qxe2 Rc8 11. Qb5 Qb6 12. a4 O-O 13. h3 Rfd8 14.
Rfd1 Nd7 15. Nxd7 Rxd7 16. Qxb6 axb6 17. Nf3 Ra8 18. Kf1 f6 19. h4 h5 20. Ke2 Na5 21.
Nd2 Kf7 22. Kf3 Bd6 23. Bxd6 Rxd6 24. Re1 Nc6 25. g3 e5 26. dxe5 Nxe5+ 27. Ke2 g6 28.
Red1 Nc6 29. Nf3 Re8 30. Kf1 Na5 31. b4 Nc4 32. bxc5 bxc5 33. Rab1 b6 34. Nd2 Ne5 35. Rb5 f5 36. Rdb1 Nd7 37. a5 bxa5 38. Rxa5 Re7 39. Ra7 Kf6 1/2-1/2

[Event "*** Titled Tuesday Blitz"]
[Site "Chess.com"]
[Date "2021.02.02"]
[Round "4"]
[White "Grammnik"]
[Black "HouseOfDurin"]
[Result "1-0"]
[WhiteElo "2393"]
[BlackElo "2110"]
[TimeControl "180+1"]
[EndTime "10:41:48 PST"]
[Termination "Grammnik won on time"]

1. d4 Nf6 2. c4 c5 3. d5 b5 4. Qc2 bxc4 5. e4 d6 6. Nf3 Nbd7 7. Bxc4 g6 8. h3 Bg7 9. O-O O-O 10. Re1 Ne8 11.
Nc3 Nc7 12. Bf4 Ba6 13. Bxa6 Nxa6 14. e5 Nxe5 15. Nxe5 dxe5 16. Bxe5 Nb4 17. Qd2 e6 18. Bxg7 Kxg7 19. d6 Nc6 20. Ne4 Nd4 21. Rad1 e5 22.
Qc3 Rc8 23. Kh1 f5 24. Nxc5 Qxd6 25. b4 a5 26. a3 axb4 27. axb4 f4 28. Rxe5 Qxe5 29.
Rxd4 Rfe8 30. Rd7+ Kh6 31. Qf3 Qf5 32. Rd1 Re5 33.
Kh2 Rce8 34. Nd3 Re4 35. b5 1-0

[Event "*** Titled Tuesday Blitz"]
[Site "Chess.com"]
[Date "2021.02.02"]
[Round "4"]
[White "Hikaru"]
[Black "Shepherdboy"]
[Result "1-0"]
[WhiteElo "3171"]
[BlackElo "2416"]
[TimeControl "180+1"]
[EndTime "10:41:49 PST"]
[Termination "Hikaru won by resignation"]

1. e4 c6 2. Nc3 d5 3. Nf3 Bg4 4. h3 Bxf3 5. Qxf3 dxe4 6. Nxe4 Nd7 7. Qe2 Ndf6 8. Ng5 h6 9. Nf3 e6 10. g3 Ne7 11. Bg2 Nf5 12. c3 Bd6 13. d4 O-O 14. O-O c5 15. Rd1 Qb6 16. a4 Rad8 17. a5 Qc7 18. dxc5 Bxc5 19. Bf4 Bd6 20. Bxd6 Rxd6 21. Rxd6 Qxd6 22. Ne5 Qc7 23. a6 b6 24. Re1 Ne7 25.
Qf3 Rc8 26. Qb7 Kf8 27. c4 Ke8 28. b4 Nd7 29. Nf3 e5 30. Nd2 f5 31. g4 g6 32.
gxf5 gxf5 33. Qf3 Qd6 34. Rd1 Qg6 35. c5 e4 36. Qb3 Ne5 37. Nc4 Nf3+ 38. Kh1 Nh4 39. Rg1 bxc5 40. bxc5 Rxc5 41. Qb8+ Kf7 42. Nd6+ Ke6 43. Nb7 Rd5 44. Bxe4 1-0

[Event "*** Titled Tuesday Blitz"]
[Site "Chess.com"]
[Date "2021.02.02"]
[Round "4"]
[White "SanQui14"]
[Black "kamilianin235"]
[Result "1-0"]
[WhiteElo "2437"]
[BlackElo "2229"]
[TimeControl "180+1"]
[EndTime "10:41:49 PST"]
[Termination "SanQui14 won by checkmate"]

1. d4 d5 2. c4 dxc4 3. e3 Nf6 4. Nf3 e6 5. Bxc4 c5 6. O-O a6 7.
a4 Nc6 8. Nc3 Be7 9. Qd3 O-O 10.
Bb3 cxd4 11. exd4 Nb4 12. Qe2 b6 13. Bg5 Bb7 14. Rad1 Nfd5 15. Bxe7 Nxe7 16. Ne5 Nbd5 17. Bc2 Rc8 18. Rd3 Nf4 19. Qg4 Nxd3 20. Bxd3 Ng6 21. Nxg6 hxg6 22. h4 Qf6 23. Re1 Rfd8 24. Re5 Rc7 25.
h5 gxh5 26. Qxh5 Rxd4 27. Re3 g6 28. Qh2 Rcd7 29. Qb8+ Kg7 30. Rh3 Qd8 31. Qe5+ f6 32.
Qe3 g5 33. Rh7+ Kg8 34. Qxe6+ Kf8 35. Rh8+ Kg7 36. Rxd8 Rxd8 37. Qe7+ Kh8 38. Qh7# 1-0

[Event "*** Titled Tuesday Blitz"]
[Site "Chess.com"]
[Date "2021.02.02"]
[Round "4"]
[White "Murad_Ibrahimli"]
[Black "Mikhail_Golubev"]
[Result "1-0"]
[WhiteElo "2847"]
[BlackElo "2526"]
[TimeControl "180+1"]
[EndTime "10:41:50 PST"]
[Termination "Murad_Ibrahimli won by resignation"]

1. Nf3 d6 2. d4 Nf6 3. Bg5 Nbd7 4. c4 g6 5. Nc3 Bg7 6. e3 O-O 7. Be2 e5 8. O-O Re8 9. Qc2 h6 10. Bh4 b6 11. b4 Bb7 12. d5 a5 13. a3 Bc8 14.
Nd2 Nf8 15. Nb3 e4 16. Nd4 Bd7 17. Nxe4 g5 18. Nxf6+ Bxf6 19. Bg3 Ng6 20. h3 Bxd4 21. exd4 Qf6 22. Qd2 Re4 23. Rad1 axb4 24. axb4 Nf4 25. Rfe1 Rae8 26. Bf1 Kg7 27. Rxe4 Rxe4 28. f3 Re8 29.
Bf2 h5 30. Re1 Rxe1 31. Qxe1 h4 32. b5 Bf5 33. Qe3 Bg6 34. Qb3 Qf5 35. c5 Nd3 36. Be3 bxc5 37. dxc5 Nxc5 38. Qc3+ Qf6 39. Bd4 1-0

[Event "*** Titled Tuesday Blitz"]
[Site "Chess.com"]
[Date "2021.02.02"]
[Round "4"]
[White "Iskusnyh"]
[Black "ShahMatKanal"]
[Result "0-1"]
[WhiteElo "2608"]
[BlackElo "2486"]
[TimeControl "180+1"]
[EndTime "10:41:50 PST"]
[Termination "ShahMatKanal won on time"]

1. d4 d5 2. c4 e6 3. Nf3 Nf6 4. g3 Be7 5. Bg2 O-O 6. O-O c6 7.
Qc2 b6 8. Rd1 Bb7 9. b3 Nbd7 10.
Nc3 Rc8 11. e4 a5 12. Bb2 Qc7 13. Rac1 Qb8 14. Qb1 Rfd8 15. Re1 Bb4 16. e5 Bxc3 17. Bxc3 Ne4 18. Rxe4 dxe4 19. Ng5 c5 20. Bxe4 Bxe4 21.
Qxe4 Nf8 22. d5 h6 23. Nh3 Qa8 24. Nf4 a4 25. Rd1 axb3 26. axb3 Qa2 27. Rb1 b5 28. dxe6 fxe6 29. cxb5 c4 30. b4 Rd3 31. Ra1 Qc2 32. Be1 Rxg3+ 33. hxg3 Qxe4 0-1

[Event "*** Titled Tuesday Blitz"]
[Site "Chess.com"]
[Date "2021.02.02"]
[Round "4"]
[White "ChessFighter1975"]
[Black "Virgo15"]
[Result "1/2-1/2"]
[WhiteElo "2426"]
[BlackElo "2600"]
[TimeControl "180+1"]
[EndTime "10:41:50 PST"]
[Termination "Game drawn by repetition"]

1. d4 Nf6 2. c4 c5 3. d5 e6 4.
Nc3 exd5 5. cxd5 d6 6. e4 a6 7. f4 g6 8. e5 Bg4 9. Be2 Bxe2 10. Ngxe2 Nh5 11. e6 f5 12. O-O b5 13. g4 Nf6 14.
gxf5 gxf5 15. Ng3 Rg8 16. Kh1 Rxg3 17. hxg3 Ng4 18. Ne4 Ra7 19. Kg2 Rg7 20. Ng5 Qf6 21.
a4 b4 22. Ra2 Qg6 23. Qd3 Be7 24. Rh1 h5 25. b3 Bxg5 26. fxg5 Ne5 27. Qe2 Kd8 28. Bf4 Ng4 29. Bxd6 Kc8 30. Bxb8 Kxb8 31.
Qxa6 Ne3+ 32. Kf3 Qxg5 33. Qb6+ Ka8 34. Qc6+ Kb8 35. Qd6+ Ka8 36. Qc6+ Kb8 37. Qd6+ Ka8 38. Qc6+ 1/2-1/2

[Event "*** Titled Tuesday Blitz"]
[Site "Chess.com"]
[Date "2021.02.02"]
[Round "4"]
[White "karinachess1"]
[Black "FGHSMN"]
[Result "0-1"]
[WhiteElo "2474"]
[BlackElo "2634"]
[TimeControl "180+1"]
[EndTime "10:41:51 PST"]
[Termination "FGHSMN won on time"]

1. c4 Nf6 2. Nf3 c5 3. Nc3 e6 4.
g3 b6 5. Bg2 Bb7 6. O-O Be7 7.
d4 cxd4 8. Qxd4 d6 9. Rd1 a6 10. b3 Nbd7 11. Bb2 O-O 12. h3 Qc7 13. Rac1 Rac8 14. Qf4 Rfd8 15. g4 Ne5 16. e4 Nxf3+ 17. Qxf3 Nd7 18. Qe3 Nc5 19. f4 Qb8 20. g5 b5 21.
cxb5 axb5 22. b4 d5 23. exd5 Bd6 24. Rf1 exd5 25. Nxd5 Bxd5 26. Bxd5 Na4 27. Rxc8 Qxc8 28.
Ba1 Bxb4 29. Qb3 Qc5+ 30. Rf2 Rxd5 31. Kg2 Rd8 0-1

[Event "*** Titled Tuesday Blitz"]
[Site "Chess.com"]
[Date "2021.02.02"]
[Round "4"]
[White "OMGCovid-19"]
[Black "ZenBull"]
[Result "0-1"]
[WhiteElo "1961"]
[BlackElo "2232"]
[TimeControl "180+1"]
[EndTime "10:41:51 PST"]
[Termination "ZenBull won on time"]

1. e4 c5 2. Nc3 a6 3. Nf3 Nc6 4. d4 cxd4 5. Nxd4 e6 6. Be3 Qc7 7. Nxc6 Qxc6 8. Bd3 b5 9. O-O Bb7 10.
f4 Bc5 11. Bxc5 Qxc5+ 12. Kh1 Ne7 13. Qg4 g6 14. Rae1 h5 15. Qh4 O-O-O 16. a4 b4 17.
Ne2 d5 18. c3 dxe4 19. cxb4 Qxb4 20. Bc4 Nf5 21. Qf6 Nd6 22. Rc1 Kb8 23. b3 h4 24.
Rfd1 h3 25. g3 Rhf8 26. Kg1 Qb6+ 27. Kf1 Nf5 28. Rxd8+ Qxd8 29. Qxd8+ Rxd8 30. Nc3 Rd2 31.
Be2 Nd4 32. Rd1 Rxd1+ 33. Bxd1 Kc7 34. Ne2 Nf3 35. Kf2 Nxh2 36. Nc3 Nf3 37. Bxf3 exf3 38.
Nb1 h2 0-1

[Event "*** Titled Tuesday Blitz"]
[Site "Chess.com"]
[Date "2021.02.02"]
[Round "4"]
[White "KarateBaby"]
[Black "nelsoncopa"]
[Result "1-0"]
[WhiteElo "2229"]
[BlackElo "1955"]
[TimeControl "180+1"]
[EndTime "10:41:51 PST"]
[Termination "KarateBaby won by checkmate"]

1. Nf3 d6 2. c4 Nf6 3. Nc3 e5 4. d3 Nbd7 5. g3 Be7 6. Bg2 O-O 7. O-O c6 8. b4 Qc7 9. Rb1 b6 10. a4 Bb7 11. b5 c5 12. Bg5 h6 13. Bxf6 Nxf6 14.
Ne1 Bxg2 15. Kxg2 Rad8 16. e4 Nh7 17. Nc2 Ng5 18. h4 Ne6 19. Ne3 Nd4 20. Ncd5 Qd7 21. f4 f6 22. f5 Rfe8 23. g4 Bf8 24. Kh3 Qf7 25. Rg1 Ra8 26. Rg3 Reb8 27. Qd2 Be7 28. Rbg1 Bd8 29. Nf1 a6 30. Nh2 axb5 31. axb5 Ra3 32.
Nf3 Rba8 33. Nxd4 cxd4 34. R3g2 Qa7 35. g5 hxg5 36. hxg5 fxg5 37. Qe2 Qf7 38. Rh1 Rb3 39. Kg4 g6 40. Rgh2 gxf5+ 41. exf5 Qg7 42. f6 Qd7+ 43. Kxg5 Qg7+ 44. Kf5 Qd7+ 45. Ke4 Kf7 46. Rh7+ Ke6 47. Qg4# 1-0

[Event "*** Titled Tuesday Blitz"]
[Site "Chess.com"]
[Date "2021.02.02"]
[Round "4"]
[White "LamaChampetre"]
[Black "Eternauta2400"]
[Result "1-0"]
[WhiteElo "2219"]
[BlackElo "2453"]
[TimeControl "180+1"]
[EndTime "10:41:52 PST"]
[Termination "LamaChampetre won on time"]

1. d4 d5 2. c4 e6 3. Nf3 Nf6 4. g3 Nbd7 5. Bg2 b6 6. Qa4 Bb7 7. Ne5 c5 8. O-O Qc7 9. Bf4 Bd6 10. Nc3 a6 11. cxd5 Nxd5 12. Nxd5 Bxd5 13. e4 Bxe5 14. exd5 Bxf4 15. dxe6 fxe6 16. Bxa8 O-O 17. Bg2 Bd6 18. Rac1 b5 19. Qxa6 Rb8 20. Qc6 c4 21. Qe4 Re8 22. Bh3 Nf6 23. Bxe6+ Kh8 24. Qf5 h5 25. Rfe1 h4 26.
Bd5 Rf8 27. Qh3 g5 28. Re6 Nh5 29. Rce1 Rg8 30. Rh6+ 1-0

[Event "*** Titled Tuesday Blitz"]
[Site "Chess.com"]
[Date "2021.02.02"]
[Round "4"]
[White "HristosBanikas"]
[Black "Shahaliyev"]
[Result "1-0"]
[WhiteElo "2903"]
[BlackElo "2737"]
[TimeControl "180+1"]
[EndTime "10:41:53 PST"]
[Termination "HristosBanikas won by resignation"]

1. d4 Nf6 2. c4 e6 3. Nf3 b6 4. g3 Bb7 5. Bg2 Be7 6. O-O O-O 7.
Re1 d5 8. cxd5 exd5 9. Nc3 Nbd7 10. b3 Re8 11. Bb2 Ne4 12. Rc1 Bb4 13. e3 Qe7 14.
Re2 c6 15. Rec2 a5 16. Nxe4 dxe4 17. Ne5 Nxe5 18. dxe5 Ba3 19. Bxa3 Qxa3 20. Bxe4 Rxe5 21. Bxc6 Bxc6 22. Rxc6 Ree8 23. Rxb6 Qxa2 24. Rb7 a4 25. Qf3 Rf8 26. bxa4 Rxa4 27. Kg2 Ra7 28. Rcc7 Rxb7 29. Qxb7 g6 30. g4 Qe6 31. h3 Qe5 32. Rd7 Qe6 33. Qd5 Re8 34. Qxe6 Rxe6 35. Rd5 Kg7 36. h4 Ra6 37.
Kg3 Ra1 38. h5 Rg1+ 39. Kf4 Rf1 40. f3 h6 41. hxg6 Kxg6 42. e4 f6 43. Rd6 Re1 44. Re6 Kf7 45. Kf5 Ra1 46. Rxf6+ Kg7 47. Rg6+ Kh7 48.
Re6 1-0

[Event "*** Titled Tuesday Blitz"]
[Site "Chess.com"]
[Date "2021.02.02"]
[Round "4"]
[White "DenisQ"]
[Black "DrVelja"]
[Result "0-1"]
[WhiteElo "2668"]
[BlackElo "2901"]
[TimeControl "180+1"]
[EndTime "10:41:53 PST"]
[Termination "DrVelja won by resignation"]

1. Nf3 Nf6 2. c4 g6 3. Nc3 Bg7 4. g3 O-O 5. Bg2 d6 6. O-O c6 7. b3 e5 8. d3 Re8 9. e4 Bg4 10. h3 Bxf3 11. Bxf3 Na6 12. Be3 Nc5 13. b4 Ne6 14.
Bg2 Nd7 15. Rb1 h5 16. Qd2 a5 17. b5 h4 18. bxc6 bxc6 19. Rb2 Ndc5 20. Rfb1 Nd4 21. Ne2 hxg3 22. fxg3 a4 23. h4 Qd7 24. Nc3 Qc7 25.
Qd1 Kh7 26. Rb4 Reb8 27. Rxb8 Rxb8 28. Rxb8 Qxb8 29. Nxa4 Nxa4 30. Qxa4 Qb1+ 31. Bf1 Nf3+ 32. Kg2 Ne1+ 33. Kf2 Nc2 34. Bd2 Qd1 35. Bc3 Bh6 36.
Qxc6 Be3+ 37. Kg2 Bd4 38. Bxd4 exd4 39. Kf2 Qe1+ 0-1

[Event "*** Titled Tuesday Blitz"]
[Site "Chess.com"]
[Date "2021.02.02"]
[Round "4"]
[White "HanSchut"]
[Black "Natalya_Buksa"]
[Result "1-0"]
[WhiteElo "2280"]
[BlackElo "2558"]
[TimeControl "180+1"]
[EndTime "10:41:53 PST"]
[Termination "HanSchut won by checkmate"]

1. e4 c5 2. Nf3 Nc6 3. d4 cxd4 4. Nxd4 Nf6 5. Nc3 e5 6. Ndb5 d6 7. Nd5 Nxd5 8. exd5 Nb8 9. Qf3 a6 10. Qa3 Be7 11.
Bg5 f6 12. Bd2 O-O 13. Bb4 axb5 14. Qxa8 Na6 15. a3 Qb6 16. Bd2 Bf5 17. Be3 Qa5+ 18.
b4 Qc7 19. Qa7 Qc3+ 20. Ke2 Qxa1 21. Qxb7 Bxc2 22. f3 Re8 23. Qxa6 f5 24. Qxb5 Kf8 25. Kf2 f4 26. Qxe8+ Kxe8 27. Bb5+ Kd8 28. Rxa1 fxe3+ 29.
Kxe3 Bg5+ 30. Ke2 Kc7 31. a4 Kb6 32. Bd3 Bb3 33. a5+ Ka7 34. b5 Bxd5 35. b6+ Kb7 36. Be4 Bxe4 37. fxe4 Bd8 38. Kd3 Kc6 39. Kc4 h5 40. h3 h4 41. Rc1 Bg5 42. Rc2 Be3 43.
Kb4+ Kb7 44. Kb5 g5 45. Rc7+ Kb8 46. a6 Bd4 47. Kc6 g4 48. a7+ Ka8 49. Rc8# 1-0

[Event "*** Titled Tuesday Blitz"]
[Site "Chess.com"]
[Date "2021.02.02"]
[Round "4"]
[White "ParvizGasimov"]
[Black "politeplayer"]
[Result "1-0"]
[WhiteElo "2411"]
[BlackElo "2205"]
[TimeControl "180+1"]
[EndTime "10:41:53 PST"]
[Termination "ParvizGasimov won by resignation"]

1. e4 e5 2. Bc4 Nf6 3. d3 Nc6 4. Nf3 Be7 5. O-O d6 6. a4 Bg4 7. c3 O-O 8. a5 a6 9. Nbd2 Kh8 10. Re1 Ng8 11. h3 Bh5 12. g4 Bg6 13. Nf1 f6 14.
Ng3 Bf7 15. Bxf7 Rxf7 16. Qb3 Qe8 17. Qxb7 Bf8 18. d4 exd4 19. cxd4 Rb8 20. Qxa6 Rb3 21. Be3 Rxb2 22. Qc4 Rb4 23. Qc3 Rb8 24. a6 Na7 25.
d5 c5 26. dxc6 Qxc6 27. Rec1 Qa8 28. Nf5 d5 29. e5 d4 30. N5xd4 Nb5 31. Nxb5 Qxf3 32.
a7 Ra8 33. Nc7 Rxc7 34. Qxc7 Qxh3 35. Qb7 Qxg4+ 36. Qg2 Qxg2+ 37. Kxg2 fxe5 38. Rc7 Bd6 39. Rd7 Bb4 40. Rb1 Bc3 41. Rb8 1-0

[Event "*** Titled Tuesday Blitz"]
[Site "Chess.com"]
[Date "2021.02.02"]
[Round "4"]
[White "ljuks68"]
[Black "annacramling"]
[Result "0-1"]
[WhiteElo "2372"]
[BlackElo "2108"]
[TimeControl "180+1"]
[EndTime "10:41:53 PST"]
[Termination "annacramling won by resignation"]

1. e4 c5 2. Nf3 Nc6 3. d4 cxd4 4.
Nxd4 Nf6 5. Nc3 e6 6. Nxc6 bxc6 7. e5 Nd5 8. Ne4 Qa5+ 9. c3 Qc7 10. f4 c5 11. c4 Nb4 12. Be2 Bb7 13. Bf3 Nc6 14. Be3 Nd4 15. Bxd4 cxd4 16. Qxd4 Bxe4 17. Qxe4 Bb4+ 18. Kf2 O-O 19. Rhc1 Rab8 20. Kf1 Bc5 21. Rab1 f6 22. exf6 Rxf6 23. g3 g5 24. b4 Bxb4 25. fxg5 Rxf3+ 26. Qxf3 Rf8 27. Qxf8+ Bxf8 28. Kg2 Qc6+ 29.
Kh3 Qf3 30. Rf1 Qh5+ 31. Kg2 Bd6 32. Rbe1 Qxg5 33. Re2 Qc5 34. Rc2 Qd4 35. Rf3 Qe4 36. c5 Qxc2+ 37. Kh3 Qxc5 0-1

[Event "*** Titled Tuesday Blitz"]
[Site "Chess.com"]
[Date "2021.02.02"]
[Round "4"]
[White "PLAYER_2006_M"]
[Black "Yaacovn"]
[Result "1-0"]
[WhiteElo "2544"]
[BlackElo "2857"]
[TimeControl "180+1"]
[EndTime "10:41:56 PST"]
[Termination "PLAYER_2006_M won by resignation"]

1. d4 c6 2. Nc3 d5 3. e4 dxe4 4. Nxe4 Nf6 5. Nxf6+ gxf6 6. Nf3 Bg4 7. Be2 e6 8. h3 Bh5 9. O-O Rg8 10. c4 Bd6 11. d5 Qc7 12. dxe6 fxe6 13. Nd4 Bf7 14. Bh5 e5 15. Nf5 Bf8 16. Bh6 Qd7 17. Qf3 Bxh5 18.
Qxh5+ Qf7 19. Qf3 Nd7 20. Bxf8 Qxf8 21. Qh5+ Kd8 22. Rad1 Kc7 23. Rxd7+ Kxd7 24. Qxh7+ Ke6 25. g4 Qf7 26. Qxf7+ Kxf7 27. Nh6+ Ke6 28. Nxg8 Rxg8 29. Rd1 a5 30. Kg2 a4 31. Kf3 Rh8 32. Rh1 b5 33. cxb5 cxb5 34. h4 Rc8 35. Re1 Rc2 36. Re2 Rc1 37.
h5 Ra1 38. a3 Rh1 39. Kg3 Rg1+ 40. Kh3 f5 41. f3 f4 42. Rg2 Rh1+ 43. Rh2 Rg1 44. h6 Kf7 45. Kh4 Kg6 46. h7 Kxh7 47. Kg5+ Kg7 48. Kf5 Re1 49. Rc2 Re3 50. Rc7+ Kg8 51.
g5 Rxf3 52. Kf6 Rd3 53. Rc8+ 1-0

[Event "*** Titled Tuesday Blitz"]
[Site "Chess.com"]
[Date "2021.02.02"]
[Round "4"]
[White "Reader777"]
[Black "KyronGriffith"]
[Result "1-0"]
[WhiteElo "2790"]
[BlackElo "2517"]
[TimeControl "180+1"]
[EndTime "10:41:56 PST"]
[Termination "Reader777 won by resignation"]

1. d4 Nf6 2. c4 g6 3. Nc3 Bg7 4. e4 d6 5. f4 O-O 6. Nf3 c5 7. d5 e6 8. Be2 exd5 9. cxd5 Bg4 10. O-O Nbd7 11. h3 Bxf3 12. Bxf3 Re8 13. g4 b5 14. g5 b4 15. gxf6 Nxf6 16. Ne2 Nxe4 17. Qd3 f5 18. Bxe4 Rxe4 19. Ng3 Rd4 20. Qf3 Qh4 21.
Be3 Rd3 22. Rad1 Rxd1 23. Rxd1 Bxb2 24. Kg2 Re8 25. Bf2 Qf6 26. Qd3 Qc3 27. Qb5 Kf8 28. Qd7 Qf6 29. Qxa7 c4 30. Bd4 Bxd4 31. Qxd4 Qxd4 32.
Rxd4 Rc8 33. Ne2 Kf7 34. Kf3 Kf6 35. Ke3 h6 36. h4 Re8+ 37. Kd2 c3+ 38. Kd3 Rb8 39.
Kc2 Re8 40. Nc1 Re4 41. Rxe4 fxe4 42. Kb3 Kf5 43. Kxb4 Kxf4 44. a4 g5 45. hxg5 hxg5 46. a5 g4 47. a6 g3 48. a7 g2 49. a8=Q Kf3 50. Qa7 e3 51. Qf7+ Kg3 52. Kxc3 Kh2 53. Ne2 1-0